 Dungeon Crawl Stone Soup version 0.23-a0-586-gacb4b3f (webtiles) character file.

30745 zishaf the Spear-Bearer (level 13, -1/122 HPs)
             Began as a Hill Orc Monk on Dec 20, 2018.
             Was the Champion of Beogh.
             Slain by an elephant (2 damage)
             ... on level 6 of the Lair of Beasts.
             The game lasted 00:30:18 (17950 turns).

zishaf the Spear-Bearer (Hill Orc Monk)            Turns: 17950, Time: 00:30:19

Health: -1/122     AC: 18    Str: 19    XL:     13   Next: 53%
Magic:  19/19      EV:  8    Int: 14    God:    Beogh [******]
Gold:   1086       SH:  0    Dex: 20    Spells: 12/12 levels left

rFire    . . .     SeeInvis .   X - +8 trident "Meostrogat" {flame, Int+4 Dex+2 Stlth+}
rCold    . . .     Gourm    .   (no shield)
rNeg     . . .     Faith    .   g - +1 plate armour
rPois    +         Spirit   .   (no helmet)
rElec    .         Reflect  .   (no cloak)
rCorr    .         Harm     .   (no gloves)
MR       +....                  E - +0 pair of boots
Stlth    ..........             (no amulet)
HPRegen  0.30/turn              U - ring of Xom's Flight of Fancy {MR+ Dex+5 Stlth+}
MPRegen  0.16/turn              C - ring of poison resistance

@: no status effects
A: walk on water
a: Smiting, Recall Orcish Followers, Give Item to Named Follower, Resurrection,
Renounce Religion


You were on level 6 of the Lair of Beasts.
You worshipped Beogh.
Beogh was exalted by your worship.
You were not hungry.

You visited 2 branches of the dungeon, and saw 18 of its levels.
You also visited: Ossuary.

You collected 1086 gold pieces.

Inventory:

Hand Weapons
 X - the +8 trident "Meostrogat" (weapon) {flame, Int+4 Dex+2 Stlth+}
   (You found it on level 2 of the Lair of Beasts)

   It has been specially enchanted to burn those struck by it, causing extra
   injury to most foes and up to half again as much damage against particularly
   susceptible opponents.
   It affects your intelligence (+4).
   It affects your dexterity (+2).
   It makes you more stealthy.
Armour
 g - a +1 plate armour (worn)
 E - a +0 pair of boots (worn)
Jewellery
 h - an uncursed ring of protection from cold
 y - a +2 ring of protection
 C - a ring of poison resistance (right hand)
 J - a +3 ring of evasion
 P - an uncursed ring of protection from fire
 U - the ring of Xom's Flight of Fancy (left hand) {MR+ Dex+5 Stlth+}
   (You found it on level 12 of the Dungeon)

   [ring of stealth]

   It affects your dexterity (+5).
   It affects your resistance to hostile enchantments.
   It makes you more stealthy.
Wands
 u - a wand of iceblast (24)
 w - a wand of polymorph (23)
 G - a wand of scattershot (7)
 O - a wand of paralysis (12)
 Q - a wand of acid (11)
 R - a wand of enslavement (10)
 T - a wand of flame (17)
 V - a wand of disintegration (21)
Scrolls
 b - a scroll of enchant armour
 e - 11 scrolls of remove curse
 f - a scroll of enchant weapon
 i - a scroll of fog
 k - a scroll of silence
 o - 4 scrolls of teleportation
 p - 8 scrolls of amnesia
 v - a scroll of identify
 D - a scroll of noise
 K - 2 scrolls of torment
 L - 2 scrolls of fear
Potions
 a - a potion of cancellation
 d - 2 potions of brilliance
 j - 5 potions of agility
 l - 11 potions of curing
 n - 2 potions of berserk rage
 q - 5 potions of haste
 r - 4 potions of lignification
 s - 5 potions of magic
 t - 2 potions of resistance
 x - 2 potions of heal wounds
 A - 2 potions of might
 B - 2 potions of mutation
 F - a potion of invisibility
 I - 4 potions of flight
 M - 2 potions of ambrosia
Miscellaneous
 H - 2 sacks of spiders
 N - a lightning rod (4/4)
Comestibles
 c - 24 rations


   Skills:
 + Level 13.1 Fighting
 + Level 13.8 Polearms
 + Level 13.4 Armour
 - Level 3.0 Dodging
 - Level 1.6 Stealth
 + Level 9.3 Invocations
 - Level 5.0 Evocations


You had 12 spell levels left.
You didn't know any spells.
Your spell library contained the following spells:

 Spells                   Type           Power        Failure   Level  Hunger
 Summon Small Mammal      Summ           #...         99%         1    ##.....
 Call Imp                 Summ           #.......     99%         2    ###....
 Call Canine Familiar     Summ           #.......     100%        3    ####...
 Summon Guardian Golem    Hex/Summ       #.......     100%        3    ####...
 Summon Ice Beast         Ice/Summ       #.......     100%        4    #####..
 Summon Lightning Spire   Summ/Air       #.......     100%        4    #####..


Dungeon Overview and Level Annotations

Branches:
Dungeon (12/15)            Temple (0/1) D:7            Lair (6/6) D:11
  Swamp (0/4) Lair:4       Spider (0/4) Lair:2        Slime (0/5) Lair:5
    Orc (0/2) D:11

Altars:
Ashenzari
Dithmenos
Gozag
Hepliaklqana
Kikubaaqudgha
Makhleb
Ru
Sif Muna
Uskayaw
Wu Jian
Yredelemnul
Zin
The Shining One
Jiyva

Annotations:
D:3 exclusion: downstairs
D:12 11 runed doors, ICEMaiden's ghost, journeyman MiFi
Lair:3 3 runed doors, Detukkobb's ghost, journeyman MiBe; Hupnav's ghost, journeyman DrWr


Message History

Jorge looks more experienced.
Jorge hits the elephant with a +0 trident.
You hit the elephant. You burn the elephant.
The elephant is lightly wounded.
The elephant tramples you.
* * * LOW HITPOINT WARNING * * *
You stumble backwards!
A yak comes into view.
The yak bellows!
You puncture the elephant! You burn the elephant.
The elephant is moderately wounded.
Jorge hits the elephant with a +0 trident!!
The elephant tramples you!
* * * LOW HITPOINT WARNING * * *
You stumble backwards!
The yak moves out of view.
The yak bellows!
You hear a bellow!
Jorge completely misses the elephant.
The elephant tramples you but does no damage.
The elephant trunk-slaps you.
You die...

≈≈≈≈≈≈≈*≈#.≈≈#.##*,,,,,,,,,,,*≈**
≈≈≈≈≈8≈≈≈≈≈≈....##*,,,,,,,,,,,*≈≈
≈≈≈≈≈≈≈≈≈≈P......#*,*,,.,,,,,,,≈*
≈≈≈≈≈≈≈#≈..≈%....##**,..,,*,,,≈≈≈
≈≈≈*≈≈≈#≈##.......##,Y..,,,,,,≈≈≈
≈≈≈*≈≈≈#≈≈≈......#.#.P.,,*,,,,≈≈≈
≈≈≈*≈≈≈≈≈≈≈P.$..##..#,,,,*,,,,,≈*
≈≈,*8≈P.≈..≈.o(...#,,,*,,,*,,**≈*
*******,≈##.††YY@.#,,,,*******≈**
≈≈≈≈≈≈≈≈≈≈≈≈†Y...[....P# ***
≈≈≈≈≈≈≈≈≈≈(Y..........##
≈**≈≈*.≈%.#≈..........#
≈,*≈≈,#≈≈*#%.......####
,≈≈≈≈,≈.≈..P......##
,,,,≈≈.*...........*
,,,,*,,*#.%........#
,,,,,***,,,,,,,,,,**


You could see 4 elephants, a yak and the friendly Jorge the orc warlord.

Vanquished Creatures
  2 hydras
  A two-headed ogre (D:10)
  2 death yaks (Lair:5)
  2 sea snakes (Lair:6)
  An unseen horror (D:12)
  A manticore (Lair:6)
  2 ugly things
  A black mamba (Lair:4)
  2 centaur skeletons (D:12)
  3 spiny frogs
  6 komodo dragons
  2 polar bears
  A wind drake (Lair:6)
  4 hippogriffs
  Grinder (D:4)
  3 blink frogs (Lair:3)
  A redback (Lair:2)
  A shadow (D:10)
  7 yaks
  2 hungry ghosts
  5 vampire mosquitoes (Lair:4)
  A soldier ant (D:11)
  7 water moccasins
  Duvessa (D:7)
  An orc warrior (D:11)
  A porcupine (Lair:2)
  A sky beast (D:9)
  An ice beast (D:9)
  5 phantoms
  2 black bears
  5 ogres
  6 wolves (Lair:3)
  4 centaurs
  5 crocodiles
  A big kobold (D:11)
  4 bullfrogs
  2 water moccasin zombies (Ossuary)
  Dowan (D:7)
  4 scorpions
  2 wyvern skeletons
  A killer bee (D:10)
  7 wights
  2 howler monkeys
  An electric eel (Lair:2)
  2 bullfrog zombies
  4 crimson imps
  4 hounds
  8 jellies
  4 orc priests
  2 bullfrog skeletons (D:12)
  4 orc wizards
  Natasha (thrice) (D:2)
  4 iguanas
  9 worker ants
  3 big kobold zombies (Ossuary)
  A hound zombie (D:8)
  2 mummies (Ossuary)
  A howler monkey skeleton (D:6)
  8 adders
  3 shadow imps
  2 oozes (Lair:5)
  4 adder zombies
  5 worms
  3 dart slugs
  2 leopard geckos
  13 orcs
  2 giant cockroaches
  3 gnoll zombies (Ossuary)
  8 goblins
  5 hobgoblins
  2 jackals (D:4)
  3 quokkas
  A ball python (D:5)
  A ball python skeleton (D:4)
  10 bats
  2 frilled lizards (D:1)
  2 hobgoblin zombies (Ossuary)
  6 kobolds
  2 kobold zombies (Ossuary)
  4 orc zombies (Ossuary)
  A quokka skeleton (D:7)
  5 rats
  A butterfly (D:7)
264 creatures vanquished.

Vanquished Creatures (collateral kills)
  Erolcha (D:10)
  A centaur warrior (D:12)
  6 death yaks
  3 cyclopes
  2 manticores (D:12)
  3 black mambas
  A gargoyle (D:10)
  3 spiny frogs (Lair:4)
  A centaur skeleton (D:12)
  4 rime drakes
  2 trolls (D:12)
  2 hornets
  4 blink frogs (Lair:3)
  4 hippogriffs
  A wyvern (Lair:6)
  10 yaks
  2 vampire mosquitoes (Lair:4)
  2 wargs (D:11)
  5 water moccasins
  3 porcupines
  2 sky beasts
  An orc warrior (D:11)
  2 ogres (D:12)
  3 wolves (Lair:3)
  3 centaurs
  2 big kobolds (D:12)
  3 crocodiles
  2 bullfrogs
  A scorpion (D:10)
  5 killer bees (D:10)
  2 wights (D:12)
  2 crimson imps
  A bullfrog zombie (D:10)
  A hound (D:12)
  A bullfrog skeleton (D:11)
  An orc wizard (D:12)
  A worker ant (D:12)
  A killer bee zombie (D:10)
  An ooze (Lair:5)
  3 orcs
  3 kobolds (D:11)
101 creatures vanquished.

Vanquished Creatures (others)
  An orc knight (Lair:6)
  Sigmund (D:2)
  3 orc warriors
  3 orc wizards (D:11)
  A leopard gecko (D:2)
  7 orcs
  2 bats (D:2)
  A goblin (D:2)
  A hobgoblin (D:2)
  A frilled lizard (D:2)
  A rat (D:2)
  A fungus (Lair:4)
  3 plants (D:12)
  6 withered plants (Lair:3)
32 creatures vanquished.

Grand Total: 397 creatures vanquished

Notes
Turn   | Place    | Note
-------+----------+-------------------------------------------
     0 | D:1      | zishaf the Hill Orc Monk began the quest for the Orb.
     0 | D:1      | Reached XP level 1. HP: 19/19 MP: 1/1
     4 | D:1      | Noticed an anaconda
     7 | D:1      | Noticed a black mamba
   233 | D:1      | Reached XP level 2. HP: 27/27 MP: 2/2
   585 | D:1      | Reached skill level 1 in Armour
   891 | D:2      | Reached XP level 3. HP: 28/33 MP: 3/3
  1020 | D:2      | Noticed Natasha
  1032 | D:2      | Killed Natasha
  1032 | D:2      | Reached XP level 4. HP: 23/40 MP: 4/4
  1180 | D:2      | Noticed Sigmund
  1181 | D:2      | Became a worshipper of Beogh the Brigand
  1181 | D:2      | Reached * piety under Beogh
  1181 | D:2      | Reached ** piety under Beogh
  1614 | D:2      | Killed Sigmund
  1614 | D:2      | Reached skill level 1 in Invocations
  1614 | D:2      | Reached XP level 5. HP: 32/47 MP: 1/5
  1682 | D:2      | Noticed Natasha
  1690 | D:2      | Killed Natasha
  1818 | D:2      | Found a glowing golden altar of the Shining One.
  1851 | D:2      | Noticed Natasha
  1857 | D:2      | Killed Natasha
  2011 | D:2      | Found a deep blue altar of Sif Muna.
  2266 | D:3      | Found a shadowy altar of Dithmenos.
  2407 | D:3      | Found a hazy altar of Hepliaklqana.
  2882 | D:4      | Noticed an ogre
  3044 | D:4      | Noticed Grinder
  3071 | D:3      | Killed an ogre
  3071 | D:3      | Reached skill level 5 in Polearms
  3071 | D:3      | Reached XP level 6. HP: 42/53 MP: 7/7
  3397 | D:4      | Reached skill level 5 in Fighting
  3422 | D:4      | Reached XP level 7. HP: 44/61 MP: 7/9
  3649 | D:4      | Paralysed by Grinder for 4 turns
  3659 | D:4      | Killed Grinder
  3885 | D:5      | Entered Level 5 of the Dungeon
  4046 | D:5      | Reached skill level 5 in Armour
  4173 | D:5      | Reached XP level 8. HP: 68/69 MP: 10/10
  4180 | D:5      | Found a basalt altar of Yredelemnul.
  4181 | D:5      | Found a burning altar of Makhleb.
  4181 | D:5      | Found an ancient bone altar of Kikubaaqudgha.
  4182 | D:5      | Found an opulent altar of Gozag.
  5193 | D:6      | Found a glowing silver altar of Zin.
  5196 | D:6      | Found an ornate altar of the Wu Jian Council.
  5225 | D:6      | Reached skill level 5 in Invocations
  5338 | D:6      | Found a sacrificial altar of Ru.
  5410 | D:7      | Noticed a hippogriff
  5420 | D:7      | Killed a hippogriff
  5420 | D:7      | Reached XP level 9. HP: 65/78 MP: 11/13
  5687 | D:7      | Found a staircase to the Ecumenical Temple.
  5704 | D:7      | Noticed Dowan
  5705 | D:7      | Noticed Duvessa
  5719 | D:7      | Killed Duvessa
  5725 | D:7      | Killed Dowan
  5994 | D:8      | Found a sand-covered staircase.
  6014 | Ossuary  | Entered an ossuary
  6024 | Ossuary  | Reached *** piety under Beogh
  7720 | D:8      | Reached **** piety under Beogh
  8164 | D:9      | Reached XP level 10. HP: 87/88 MP: 14/14
  8191 | D:9      | Noticed a green ugly thing
  8212 | D:9      | Killed a green ugly thing
  8462 | D:9      | Found a shattered altar of Ashenzari.
  8508 | D:9      | Reached skill level 10 in Polearms
  8563 | D:9      | Found a hide-covered altar of Uskayaw.
  9045 | D:10     | Entered Level 10 of the Dungeon
  9045 | D:10     | Noticed Erolcha
  9046 | D:10     | Paralysed by Erolcha for 3 turns
  9050 | D:10     | Killed Erolcha
  9210 | D:10     | Reached skill level 10 in Armour
  9348 | D:10     | Noticed a gargoyle
  9355 | D:10     | Killed a gargoyle
  9464 | D:10     | Noticed a two-headed ogre
  9477 | D:10     | Killed a two-headed ogre
  9477 | D:10     | Reached XP level 11. HP: 68/97 MP: 15/15
 10155 | D:11     | Found a staircase to the Lair.
 10173 | D:11     | Reached ***** piety under Beogh
 10194 | D:11     | Noticed a red ugly thing
 10206 | D:11     | Killed a red ugly thing
 10206 | D:11     | Reached skill level 10 in Fighting
 10316 | D:11     | Gained Jorge as an ally
 10332 | D:11     | Gained Warrok as an ally
 10360 | D:11     | Found a staircase to the Orcish Mines.
 10403 | D:11     | Your ally Warrok died
 11010 | D:11     | Noticed a cyclops
 11018 | D:11     | Killed a cyclops
 11165 | D:12     | Noticed a cyclops
 11176 | D:12     | Killed a cyclops
 11219 | D:12     | Noticed a cyclops
 11240 | D:12     | Killed a cyclops
 11254 | D:12     | Got a tattered robe
 11299 | D:12     | Killed an unseen horror
 11331 | D:11     | Identified the cursed +0 robe of Fun {rElec rC+++ Dex-2
                  | Stlth+} (You found it on level 12 of the Dungeon)
 11471 | D:12     | Found a large runed door.
 11475 | D:12     | Found a large runed door.
 11475 | D:12     | Noticed an ettin
 11475 | D:12     | Noticed a stone giant
 11477 | D:12     | Noticed a shadow dragon
 11480 | D:12     | Found a large runed door.
 11497 | D:12     | Got a pearl-encrusted chain mail
 11508 | D:12     | Identified the +0 chain mail "Uquzxa" {*Slow rF- rN+++
                  | Str+10} (You found it on level 12 of the Dungeon)
 11588 | D:12     | Noticed a centaur warrior
 11601 | D:12     | Killed a centaur warrior
 11918 | D:12     | Reached XP level 12. HP: 103/110 MP: 16/16
 11984 | D:12     | Found a large runed door.
 12059 | D:12     | Found a large runed door.
 12078 | D:12     | Got a bound golden ring
 12082 | D:12     | Identified the ring of Xom's Flight of Fancy {MR+ Dex+5
                  | Stlth+} (You found it on level 12 of the Dungeon)
 12151 | D:12     | Found a large runed door.
 12155 | D:12     | Found a large runed door.
 12199 | D:12     | Found a large runed door.
 12238 | D:12     | Found a runed gate.
 12265 | D:12     | Noticed ICEMaiden's ghost (journeyman MiFi)
 12265 | D:12     | Noticed an 11-headed hydra
 12265 | D:12     | Noticed a 13-headed hydra
 12266 | D:12     | Found a runed gate.
 12266 | D:12     | Found a runed gate.
 12392 | Lair:1   | Entered Level 1 of the Lair of Beasts
 13419 | Lair:2   | Got a translucent trident
 13420 | Lair:2   | Identified the +8 trident "Meostrogat" {flame, Int+4 Dex+2
                  | Stlth+} (You found it on level 2 of the Lair of Beasts)
 13725 | Lair:2   | Found a hole to the Spider Nest.
 13728 | Lair:2   | Reached skill level 1 in Evocations
 13931 | Lair:2   | Noticed a seven-headed hydra
 13940 | Lair:2   | Killed a seven-headed hydra
 15064 | Lair:3   | Found a runed gate.
 15064 | Lair:3   | Found a runed gate.
 15064 | Lair:3   | Found a runed gate.
 15064 | Lair:3   | Noticed Hupnav's ghost (journeyman DrWr)
 15065 | Lair:3   | Noticed Detukkobb's ghost (journeyman MiBe)
 15741 | Lair:4   | Found a staircase to the Swamp.
 16111 | Lair:4   | Reached ****** piety under Beogh
 16144 | Lair:4   | Noticed a death yak
 16144 | Lair:4   | Noticed a death yak
 16145 | Lair:4   | Noticed a death yak
 16150 | Lair:4   | Killed a death yak
 16154 | Lair:4   | Killed a death yak
 16154 | Lair:4   | Reached XP level 13. HP: 119/119 MP: 12/19
 17131 | Lair:5   | Gained Thorok as an ally
 17428 | Lair:5   | Found a runed door.
 17428 | Lair:5   | Found a viscous altar of Jiyva.
 17432 | Lair:5   | Found a staircase to the Slime Pits.
 17703 | Lair:6   | Entered Level 6 of the Lair of Beasts
 17904 | Lair:6   | Your ally Thorok died
 17906 | Lair:6   | Reached skill level 5 in Evocations
 17949 | Lair:6   | HP: 1/122 [elephant (11)]
 17950 | Lair:6   | Slain by an elephant

Vault maps used:
D:1:      sevenhm_arrival_forest_fort_small_2
D:2:      cheibrodos_pilgrimage, tso_oasis_becter, marbit_many_paths,
          minmay_distorted, uniq_natasha, uniq_sigmund
D:3:      overflow_temple_1_default, nicolae_dithmenos_through_a_glass_darkly
D:4:      first_ration, uniq_grinder
D:5:      chequers_temple_overflow_statue_of_worship
D:6:      gammafunk_temple_overflow_pools, nicolae_ru_path_of_blood
D:7:      minmay_temple_entry_butterflies, uniq_duvessa
D:8:      nicolae_ossuary_entry_ruins
D:9:      nicolae_ashenzari_panopticon, eat_drink_and_be_merry_uskayaw
D:10:     uniq_erolcha
D:11:     erik_lair_orcish_takeover, hangedman_pestilent_swarm
D:12:     minmay_five_octagons, gammafunk_ghost_hydra_chop
Lair:1:   minivault_11
Lair:2:   spider_nest_entry_rubble, grunt_megastairs_4, lemuel_fruit_tree,
          serial_bayou_shore_a
Lair:3:   gammafunk_ghost_cemetery
Lair:4:   minmay_swamp_entry_swarm, infiniplex_staircase_pool,
          grunt_megastairs_3
Lair:5:   slime_altar_2
Lair:6:   gammafunk_lair_ancient_temple, gauntlet_entry_generic,
          serial_bayou_shore_b
Ossuary:  ossuary_tomb_2

Skill      XL: |  1  2  3  4  5  6  7  8  9 10 11 12 13 |
---------------+----------------------------------------+-----
Armour         | 1 2 3 4 5 7 8 10 12 13 | 13.4
Fighting       | 4 5 6 7 9 11 12 13 | 13.1
Polearms       | 4 5 6 8 9 11 12 13 | 13.8
Invocations    | 1 2 3 5 6 8 9 |  9.3
Evocations     | 3 5 |  5.0
Dodging        | 3 |  3.0
Stealth        | |  1.6

Action                   |  1- 3 |  4- 6 |  7- 9 | 10-12 | 13-15 || total
-------------------------+-------+-------+-------+-------+-------++-------
Melee: Spear             |   123 |     8 |       |       |       ||   131
       Scythe            |       |    92 |   377 |    85 |       ||   554
       Trident           |       |       |       |   516 |    92 ||   608
Invok: Smiting           |       |     1 |       |     6 |       ||     7
       Convert to Beogh  |       |     1 |       |       |       ||     1
       Recall Orcish Fol |       |       |       |     1 |       ||     1
Evoke: Wand              |       |       |       |     1 |     3 ||     4
       Sack of spiders   |       |       |       |     1 |       ||     1
  Use: Scroll            |       |     4 |     9 |    11 |     8 ||    32
       Potion            |       |       |       |       |     1 ||     1
 Stab: Sleeping          |     1 |       |       |       |       ||     1
       Distracted        |       |       |       |     4 |     1 ||     5
  Eat: Chunk             |       |     8 |     3 |    29 |     3 ||    43
       Ration            |       |       |     4 |     1 |     1 ||     6
Armor: Plate armour      |    77 |    98 |   295 |   293 |    26 ||   789
Dodge: Dodged            |    21 |    37 |   123 |   183 |    17 ||   381

Table legend:
 A = Non-vault XP
 B = Vault XP
 C = Vault XP percentage of total XP
 D = Non-vault monster count
 E = Vault monster count
 F = Vault count percentage of total count
                 A         B        C        D         E       F
            +---------+---------+-------+---------+---------+-------
      Total |   31578 |   12344 |  28.1 |     282 |      83 |  22.7
            +---------+---------+-------+---------+---------+-------
        D:1 |      29 |       0 |   0.0 |      18 |       0 |   0.0
        D:2 |     120 |     121 |  50.2 |      15 |       3 |  16.7
        D:3 |     225 |       0 |   0.0 |      16 |       0 |   0.0
        D:4 |     225 |     254 |  53.0 |       8 |       1 |  11.1
        D:5 |     625 |       0 |   0.0 |      21 |       0 |   0.0
        D:6 |     773 |       0 |   0.0 |      15 |       0 |   0.0
        D:7 |     496 |     215 |  30.2 |      10 |       2 |  16.7
        D:8 |    1235 |       0 |   0.0 |      17 |       0 |   0.0
        D:9 |    1738 |       0 |   0.0 |      18 |       0 |   0.0
       D:10 |    2669 |     750 |  21.9 |      24 |       1 |   4.0
       D:11 |    3139 |     783 |  20.0 |      31 |       8 |  20.5
       D:12 |    2039 |    4001 |  66.2 |      17 |      20 |  54.1
     Lair:1 |    1189 |       0 |   0.0 |       8 |       0 |   0.0
     Lair:2 |    1956 |     211 |   9.7 |       8 |       1 |  11.1
     Lair:3 |    3846 |       0 |   0.0 |      27 |       0 |   0.0
     Lair:4 |    5504 |    1813 |  24.8 |      17 |      11 |  39.3
     Lair:5 |    5208 |      41 |   0.8 |      10 |       4 |  28.6
     Lair:6 |     562 |    3852 |  87.3 |       2 |      11 |  84.6
    Ossuary |       0 |     303 | 100.0 |       0 |      21 | 100.0
            +---------+---------+-------+---------+---------+-------
